TOP OF THE 1ST |
Hudson Valley Renegades batting - Pitching for Vancouver Canadians : RHP Gilbert Weeks
|
Pitching: RHP Gilbert Weeks
|
|
Batting: SHB Josif Popovski
|
0-0: Foul Ball, location: 2F 0-1: Ball 1-1: Foul Ball, location: 2F 1-2: Strikes out looking
|
Batting: RHB Evan Chalarian
|
0-0: Swinging Strike 0-1: Ball 1-1: Foul Ball, location: 2F 1-2: Ball 2-2: Ball 3-2: Foul Ball, location: 2F 3-2: Ground out 4-3 (Groundball, 4, EV 80.0 MPH)
|
Batting: LHB Josh Redfern
|
0-0: Swinging Strike 0-1: Ball 1-1: Foul Ball, location: 2F 1-2: Foul Ball, location: 2F 1-2: Ball 2-2: Strikes out looking
|
Top of the 1st over - 0 runs, 0 hits, 0 errors, 0 left on base; Hudson Valley 0 - Vancouver 0 |
BOTTOM OF THE 1ST |
Vancouver Canadians batting - Pitching for Hudson Valley Renegades : LHP Julian Roe
|
Pitching: LHP Julian Roe
|
|
Batting: RHB John Michener
|
0-0: Fly out, F6 (Popup, 6M, EV 55.0 MPH)
|
Batting: RHB Javier Ochoa
|
0-0: Ball 1-0: SOLO HOME RUN (Flyball, 7D, EV 100.0 MPH), Distance : 377 ft
|
Batting: RHB Jose Garate
|
0-0: Ground out 4-3 (Groundball, 6M, EV 103.8 MPH)
|
Batting: SHB Ryan Chicoine
|
0-0: DOUBLE (Flyball, 7LD, EV 109.4 MPH)
|
Batting: RHB Luis Reyes
|
0-0: Called Strike 0-1: Fly out, F8 (Flyball, 8RS, EV 83.8 MPH)
|
Bottom of the 1st over - 1 run, 2 hits, 0 errors, 1 left on base; Hudson Valley 0 - Vancouver 1 |
TOP OF THE 2ND |
Hudson Valley Renegades batting - Pitching for Vancouver Canadians : RHP Gilbert Weeks
|
Batting: LHB Brian Hollinger
|
0-0: Ball 1-0: Swinging Strike 1-1: Swinging Strike 1-2: Strikes out swinging
|
Batting: SHB Suljo Dokic
|
0-0: Foul Ball, location: 2F 0-1: Ball 1-1: Ground out U3 (Groundball, 34S, EV 87.5 MPH)
|
Batting: RHB Eddie Zamora
|
0-0: Ball 1-0: Called Strike 1-1: Ball 2-1: Ball 3-1: SINGLE (Line Drive, 89M, EV 105.6 MPH)
|
Batting: LHB Alex Genao
|
0-0: Ball 1-0: Called Strike 1-1: Called Strike 1-2: Fly out, F5 (Popup, 5SF, EV 86.9 MPH)
|
Top of the 2nd over - 0 runs, 1 hit, 0 errors, 1 left on base; Hudson Valley 0 - Vancouver 1 |
BOTTOM OF THE 2ND |
Vancouver Canadians batting - Pitching for Hudson Valley Renegades : LHP Julian Roe
|
Batting: RHB Dan Hilyer
|
0-0: Called Strike 0-1: Ball 1-1: Ground out U3 (Groundball, 34, EV 82.5 MPH)
|
Batting: RHB Joel Bender
|
0-0: Ball 1-0: Ground out 6-3 (Groundball, 6M, EV 103.1 MPH)
|
Batting: RHB Wade Diamond
|
0-0: Called Strike 0-1: Called Strike 0-2: Ground out 4-3 (Groundball, 4, EV 81.2 MPH)
|
Bottom of the 2nd over - 0 runs, 0 hits, 0 errors, 0 left on base; Hudson Valley 0 - Vancouver 1 |
TOP OF THE 3RD |
Hudson Valley Renegades batting - Pitching for Vancouver Canadians : RHP Gilbert Weeks
|
Batting: RHB Eric Waugaman
|
0-0: Swinging Strike 0-1: Called Strike 0-2: Ball 1-2: Foul Ball, location: 2F 1-2: Ball 2-2: Strikes out swinging
|
Batting: RHB Kunizo Yanagisawa
|
0-0: Fly out, F9 (Flyball, 9S, EV 86.2 MPH)
|
Batting: SHB Josif Popovski
|
0-0: Ground out 5-3 (Groundball, 56, EV 83.1 MPH)
|
Top of the 3rd over - 0 runs, 0 hits, 0 errors, 0 left on base; Hudson Valley 0 - Vancouver 1 |
BOTTOM OF THE 3RD |
Vancouver Canadians batting - Pitching for Hudson Valley Renegades : LHP Julian Roe
|
Batting: LHB Edgar Castillo
|
0-0: Foul Ball, location: 2F 0-1: Foul Ball, location: 2F 0-2: Strikes out swinging
|
Batting: RHB John Michener
|
0-0: Ball 1-0: Called Strike 1-1: Ball 2-1: Called Strike 2-2: Foul Ball, location: 2F 2-2: Fly out, F3 (Popup, 3SF, EV 71.9 MPH)
|
Batting: RHB Javier Ochoa
|
0-0: Called Strike 0-1: Ball 1-1: Swinging Strike 1-2: Ball 2-2: Ball 3-2: Foul Ball, location: 2F 3-2: Foul Ball, location: 2F 3-2: Foul Ball, location: 2F 3-2: Ground out 5-3 (Groundball, 5S, EV 86.9 MPH)
|
Bottom of the 3rd over - 0 runs, 0 hits, 0 errors, 0 left on base; Hudson Valley 0 - Vancouver 1 |
TOP OF THE 4TH |
Hudson Valley Renegades batting - Pitching for Vancouver Canadians : RHP Gilbert Weeks
|
Batting: RHB Evan Chalarian
|
0-0: Swinging Strike 0-1: Fly out, F7 (Line Drive, 7, EV 98.1 MPH)
|
Batting: LHB Josh Redfern
|
0-0: Called Strike 0-1: Foul Ball, location: 2F 0-2: Ball 1-2: Ball 2-2: Ball 3-2: Ground out 6-3 (Groundball, 56D, EV 110.6 MPH)
|
Batting: LHB Brian Hollinger
|
0-0: Ball 1-0: Foul Ball, location: 2F 1-1: Ground out 1-3 (Groundball, P, EV 67.5 MPH)
|
Top of the 4th over - 0 runs, 0 hits, 0 errors, 0 left on base; Hudson Valley 0 - Vancouver 1 |
BOTTOM OF THE 4TH |
Vancouver Canadians batting - Pitching for Hudson Valley Renegades : LHP Julian Roe
|
Batting: RHB Jose Garate
|
0-0: Ball 1-0: Foul Ball, location: 2F 1-1: Swinging Strike 1-2: Strikes out swinging
|
Batting: SHB Ryan Chicoine
|
0-0: Called Strike 0-1: Ball 1-1: Called Strike 1-2: Strikes out swinging
|
Batting: RHB Luis Reyes
|
0-0: Ball 1-0: Ball 2-0: Foul Ball, location: 2F 2-1: Foul Ball, location: 2F 2-2: Foul Ball, location: 2F 2-2: Ball 3-2: Fly out, F2 (Popup, 3SF, EV 85.6 MPH)
|
Bottom of the 4th over - 0 runs, 0 hits, 0 errors, 0 left on base; Hudson Valley 0 - Vancouver 1 |
TOP OF THE 5TH |
Hudson Valley Renegades batting - Pitching for Vancouver Canadians : RHP Gilbert Weeks
|
Batting: SHB Suljo Dokic
|
0-0: Called Strike 0-1: Ball 1-1: Ball 2-1: Foul Ball, location: 2F 2-2: Strikes out looking
|
Batting: RHB Eddie Zamora
|
0-0: Called Strike 0-1: Foul Ball, location: 2F 0-2: Strikes out swinging
|
Batting: LHB Alex Genao
|
0-0: Called Strike 0-1: Swinging Strike 0-2: Ball 1-2: Ball 2-2: Ball 3-2: Base on Balls
|
Batting: RHB Eric Waugaman
|
0-0: Ball 1-0: Ball 2-0: Called Strike 2-1: Fielders Choice at 2nd, 5-4 (Groundball, 56, EV 84.4 MPH)
|
Top of the 5th over - 0 runs, 0 hits, 0 errors, 1 left on base; Hudson Valley 0 - Vancouver 1 |
BOTTOM OF THE 5TH |
Vancouver Canadians batting - Pitching for Hudson Valley Renegades : LHP Julian Roe
|
Batting: RHB Dan Hilyer
|
0-0: Fly out, F9 (Flyball, 9, EV 95.0 MPH)
|
Batting: RHB Joel Bender
|
0-0: Ball 1-0: SINGLE (Groundball, 56S, EV 72.5 MPH) (infield hit)
|
Batting: RHB Wade Diamond
|
0-0: Ball 1-0: Ball 2-0: Fly out, F8 (Flyball, 8RD, EV 97.5 MPH)
|
Batting: LHB Edgar Castillo
|
0-0: Ball 1-0: Called Strike 1-1: Ball 2-1: Ball 3-1: Ground out U3 (Groundball, 3, EV 86.2 MPH)
|
Bottom of the 5th over - 0 runs, 1 hit, 0 errors, 1 left on base; Hudson Valley 0 - Vancouver 1 |
TOP OF THE 6TH |
Hudson Valley Renegades batting - Pitching for Vancouver Canadians : RHP Gilbert Weeks
|
Batting: RHB Kunizo Yanagisawa
|
0-0: Foul Ball, location: 2F 0-1: Fly out, F9 (Flyball, 89M, EV 91.9 MPH)
|
Batting: SHB Josif Popovski
|
0-0: Ball 1-0: Called Strike 1-1: Foul Ball, location: 2F 1-2: Ground out 5-3 (Groundball, 56, EV 106.9 MPH)
|
Batting: RHB Evan Chalarian
|
0-0: Ball 1-0: Fly out, F7 (Line Drive, 7, EV 97.5 MPH)
|
Top of the 6th over - 0 runs, 0 hits, 0 errors, 0 left on base; Hudson Valley 0 - Vancouver 1 |
BOTTOM OF THE 6TH |
Vancouver Canadians batting - Pitching for Hudson Valley Renegades : LHP Julian Roe
|
Batting: RHB John Michener
|
0-0: Ground out 4-3 (Groundball, 4S, EV 87.5 MPH)
|
Batting: RHB Javier Ochoa
|
0-0: Ball 1-0: Called Strike 1-1: Foul Ball, location: 2F 1-2: Foul Ball, location: 2F 1-2: Foul Ball, location: 2F 1-2: Ball 2-2: Hit by Pitch
|
Batting: RHB Jose Garate
|
0-0: Ball 1-0: Called Strike 1-1: Ball 2-1: Fielders Choice at 2nd, 5-4 (Groundball, 5, EV 101.2 MPH)
|
Pitching: RHP Kingo Tsutsumi
|
|
Batting: SHB Ryan Chicoine
|
0-0: Called Strike 0-1: Called Strike 0-2: Ball 1-2: SINGLE (Groundball, 56D, EV 100.0 MPH) Jose Garate to second
|
Batting: RHB Luis Reyes
|
0-0: Swinging Strike 0-1: Foul Ball, location: 2F 0-2: Foul Ball, location: 2F 0-2: Foul Ball, location: 2F 0-2: Ball Wild Pitch! Jose Garate to third Ryan Chicoine to second 1-2: Foul Ball, location: 2F 1-2: Foul Ball, location: 2F 1-2: Ball 2-2: Foul Ball, location: 2F 2-2: Ground out 6-3 (Groundball, 6, EV 81.2 MPH)
|
Bottom of the 6th over - 0 runs, 1 hit, 0 errors, 2 left on base; Hudson Valley 0 - Vancouver 1 |
TOP OF THE 7TH |
Hudson Valley Renegades batting - Pitching for Vancouver Canadians : RHP Gilbert Weeks
|
Now in LF: Dan Hilyer
|
|
Now in RF: Julio Canseco
|
|
Batting: LHB Josh Redfern
|
0-0: Called Strike 0-1: Foul Ball, location: 2F 0-2: Ball 1-2: Strikes out looking
|
Batting: LHB Brian Hollinger
|
0-0: Called Strike 0-1: Ball 1-1: SOLO HOME RUN (Flyball, 7D, EV 100.6 MPH), Distance : 398 ft
|
Batting: SHB Suljo Dokic
|
0-0: Foul Ball, location: 2F 0-1: Ball 1-1: Swinging Strike 1-2: Foul Ball, location: 2F 1-2: Foul Ball, location: 2F 1-2: Foul Ball, location: 2F 1-2: Strikes out swinging
|
Batting: RHB Eddie Zamora
|
0-0: SINGLE (Groundball, 56S, EV 61.2 MPH) (infield hit)
|
Batting: LHB Alex Genao
|
0-0: SINGLE (Groundball, 6D, EV 106.2 MPH) Eddie Zamora to second
|
Pinch Hitting: SHB Chris Lockart
|
0-0: Ball 1-0: Ball 2-0: Fielders Choice at 2nd, U4 (Groundball, 4M, EV 95.0 MPH)
|
Top of the 7th over - 1 run, 3 hits, 0 errors, 2 left on base; Hudson Valley 1 - Vancouver 1 |
BOTTOM OF THE 7TH |
Vancouver Canadians batting - Pitching for Hudson Valley Renegades : RHP Kingo Tsutsumi
|
Now at 2B: Chris Thorson
|
|
Now at 3B: Evan Chalarian
|
|
Pinch Hitting: LHB Roald Jacobs
|
0-0: Ball 1-0: Swinging Strike 1-1: Ball 2-1: SINGLE (Line Drive, 8LS, EV 104.4 MPH)
|
Pinch Hitting: LHB Curt Maxwell
|
0-0: Called Strike 0-1: Swinging Strike 0-2: Ball 1-2: Foul Ball, location: 2F 1-2: Strikes out swinging
|
Batting: RHB Wade Diamond
|
0-0: Ball Roald Jacobs is caught stealing 2nd base 2-4 1-0: Called Strike 1-1: Swinging Strike 1-2: Strikes out swinging
|
Bottom of the 7th over - 0 runs, 1 hit, 0 errors, 0 left on base; Hudson Valley 1 - Vancouver 1 |
TOP OF THE 8TH |
Hudson Valley Renegades batting - Pitching for Vancouver Canadians : RHP Gilbert Weeks
|
Now at 3B: Victor Gonzalez
|
|
Now in LF: Roald Jacobs
|
|
Batting: RHB Kunizo Yanagisawa
|
0-0: DOUBLE (Flyball, 8LXD, EV 108.8 MPH)
|
Batting: SHB Josif Popovski
|
0-0: Bunted foul 0-1: Ball 1-1: Bunted foul 1-2: Fly out, F7 (Line Drive, 7, EV 88.8 MPH)
|
Pitching: RHP Bobby Leija
|
|
Batting: RHB Evan Chalarian
|
0-0: Ball 1-0: Foul Ball, location: 2F 1-1: Called Strike 1-2: Strikes out swinging
|
Batting: LHB Josh Redfern
|
0-0: Called Strike 0-1: Ball 1-1: Ball 2-1: Ball 3-1: Ground out 6-3 (Groundball, 6, EV 106.2 MPH)
|
Top of the 8th over - 0 runs, 1 hit, 0 errors, 1 left on base; Hudson Valley 1 - Vancouver 1 |
BOTTOM OF THE 8TH |
Vancouver Canadians batting - Pitching for Hudson Valley Renegades : RHP Kingo Tsutsumi
|
Pitching: LHP Hugo Aquino
|
|
Pinch Hitting: RHB Danny Loyola
|
0-0: Foul Ball, location: 2F 0-1: Ball 1-1: DOUBLE (Line Drive, 78D, EV 104.4 MPH)
|
Batting: RHB John Michener
|
0-0: Intentional Walk
|
Pitching: LHP Tim Pulliam
|
|
Batting: RHB Javier Ochoa
|
0-0: SINGLE (Groundball, 13, EV 84.4 MPH) (infield hit) Danny Loyola to third John Michener to second
|
Batting: RHB Jose Garate
|
0-0: Ball 1-0: Ball 2-0: Called Strike 2-1: Called Strike 2-2: Ball 3-2: Strikes out looking
|
Batting: SHB Ryan Chicoine
|
0-0: Ball 1-0: Ball 2-0: Fly out, F7 (Flyball, 78S, EV 93.1 MPH)
|
Batting: RHB Luis Reyes
|
0-0: Ball 1-0: Foul Ball, location: 2F 1-1: Swinging Strike 1-2: Fly out, F6 (Popup, 15, EV 78.8 MPH)
|
Bottom of the 8th over - 0 runs, 2 hits, 0 errors, 3 left on base; Hudson Valley 1 - Vancouver 1 |
TOP OF THE 9TH |
Hudson Valley Renegades batting - Pitching for Vancouver Canadians : RHP Bobby Leija
|
Pitching: RHP Aaron Linkous
|
|
Now in RF: Jonathan Klemm
|
|
Batting: LHB Brian Hollinger
|
0-0: Called Strike 0-1: Fly out, F7 (Flyball, 78M, EV 82.5 MPH)
|
Batting: SHB Suljo Dokic
|
0-0: Foul Ball, location: 2F 0-1: Ball 1-1: Ground out 4-3 (Groundball, 4, EV 84.4 MPH)
|
Batting: RHB Eddie Zamora
|
0-0: Swinging Strike 0-1: Called Strike 0-2: Ground out 5-3 (Groundball, 5, EV 91.9 MPH)
|
Top of the 9th over - 0 runs, 0 hits, 0 errors, 0 left on base; Hudson Valley 1 - Vancouver 1 |
BOTTOM OF THE 9TH |
Vancouver Canadians batting - Pitching for Hudson Valley Renegades : LHP Tim Pulliam
|
Pitching: RHP Josh McMahan
|
|
Batting: LHB Roald Jacobs
|
0-0: Called Strike 0-1: Ball 1-1: Ball 2-1: Foul Ball, location: 2F 2-2: Ball 3-2: Strikes out swinging
|
Pinch Hitting: LHB Cedric Saunders
|
0-0: Foul Ball, location: 2F 0-1: Ball 1-1: Called Strike 1-2: Fly out, F7 (Flyball, 7S, EV 88.8 MPH)
|
Batting: RHB Wade Diamond
|
0-0: Ball 1-0: Fly out, F6 (Line Drive, 6, EV 70.0 MPH)
|
Bottom of the 9th over - 0 runs, 0 hits, 0 errors, 0 left on base; Hudson Valley 1 - Vancouver 1 |
TOP OF THE 10TH |
Hudson Valley Renegades batting - Pitching for Vancouver Canadians : RHP Aaron Linkous
|
Now at 3B: Kyle Scruggs
|
|
Batting: LHB Alex Genao
|
0-0: Called Strike 0-1: Called Strike 0-2: Ball 1-2: Ball 2-2: Strikes out swinging
|
Batting: RHB Chris Thorson
|
0-0: Ball 1-0: Foul Ball, location: 2F 1-1: Ball 2-1: Ball 3-1: Base on Balls
|
Batting: RHB Kunizo Yanagisawa
|
0-0: Called Strike 0-1: Swinging Strike 0-2: Strikes out swinging
|
Batting: SHB Josif Popovski
|
0-0: Called Strike 0-1: Ball 1-1: Ground out U3 (Groundball, 3, EV 88.1 MPH)
|
Top of the 10th over - 0 runs, 0 hits, 0 errors, 1 left on base; Hudson Valley 1 - Vancouver 1 |
BOTTOM OF THE 10TH |
Vancouver Canadians batting - Pitching for Hudson Valley Renegades : RHP Josh McMahan
|
Pinch Hitting: RHB Greg Callaghan
|
0-0: Ball 1-0: Ball 2-0: Ball 3-0: Called Strike 3-1: Base on Balls
|
Batting: RHB John Michener
|
0-0: Bunt missed! 0-1: Ball 1-1: Bunted foul 1-2: Fly out, F7 (Flyball, 7LS, EV 86.2 MPH)
|
Pinch Hitting: SHB Harrison Feist
|
0-0: Ball Greg Callaghan steals 2nd base 1-0: Ball 2-0: Called Strike 2-1: Ball 3-1: Reached on error, E8 (Flyball, 8LS, EV 86.9 MPH) Greg Callaghan to third
|
Batting: RHB Jose Garate
|
0-0: DOUBLE (Line Drive, 8LD, EV 100.0 MPH) Greg Callaghan scores
|
Bottom of the 10th over - 1 run, 1 hit, 1 error, 0 left on base; Hudson Valley 1 - Vancouver 2 |
|
Game Over ... Vancouver defeats Hudson Valley, 2 to 1
|
|
|